 Dungeon Crawl Stone Soup version 0.27-a0-899-ge2d0b17c59 (webtiles) character file.

Game seed: 5344248671594357088

1781 robertstho the Covered (level 8, -3/73 HPs)
             Began as a Minotaur Chaos Knight on Apr 5, 2021.
             Was a Plaything of Xom.
             Slain by a seven-headed hydra (12 damage)
             ... on level 7 of the Dungeon.
             The game lasted 00:05:40 (6111 turns).

robertstho the Covered (Minotaur Chaos Knight)      Turns: 6111, Time: 00:05:41

Health: -3/73      AC: 18    Str: 19    XL:     8   Next: 81%
Magic:  7/7        EV:  8    Int:  9    God:    Xom [.*....]
Gold:   193        SH:  0    Dex: 10    Spells: 7/7 levels left

rFire    . . .     SeeInvis .   o - +2 rapier (venom)
rCold    . . .     Faith    .   (no shield)
rNeg     . . .     Spirit   .   l - +0 chain mail
rPois    .         Reflect  .   (helmet restricted)
rElec    .         Harm     .   (no cloak)
rCorr    .         Rampage  .   (no gloves)
Will     .....                  u - +2 pair of boots {Fly}
Stlth    ..........             (no amulet)
HPRegen  0.22/turn              c - +4 ring of protection
MPRegen  0.10/turn              (no ring)

@: flying
A: horns 2, retaliatory headbutt
a: Renounce Religion


You were on level 7 of the Dungeon.
You worshipped Xom.
You were a plaything of Xom.
You visited 1 branch of the dungeon, and saw 7 of its levels.
You also visited: Sewer.

You collected 193 gold pieces.

Inventory:

Hand Weapons
 a - a +0 falchion of chaos
 o - a +2 rapier of venom (weapon)
Missiles
 A - a curare-tipped dart (quivered)
Armour
 l - a +0 chain mail (worn)
 u - a +2 pair of boots of flying (worn)
Jewellery
 c - a +4 ring of protection (left hand)
 r - a ring of protection from fire
 w - a ring of fire
 y - a ring of fire
Wands
 s - a wand of flame (22)
 D - a wand of mindburst (5)
Scrolls
 b - a scroll of enchant armour {unknown}
 g - 2 scrolls of magic mapping
 j - 3 scrolls of identify
 k - a scroll of fear {unknown}
 n - a scroll of noise {unknown}
 p - a scroll of torment {unknown}
 q - a scroll of amnesia {unknown}
 t - a scroll of immolation {unknown}
 v - a scroll of teleportation {unknown}
 x - a scroll of vulnerability {unknown}
Potions
 d - 3 potions of flight
 e - 2 potions of might
 f - a potion of cancellation
 h - a potion of magic
 i - a potion of berserk rage {unknown}
 m - a potion of ambrosia {unknown}
 z - a potion of heal wounds {unknown}
 C - 2 potions of brilliance {unknown}


   Skills:
 * Level 7.5 Fighting
 + Level 4.8(6.5) Short Blades
 + Level 7.3(8.1) Long Blades
 * Level 7.7 Armour
 + Level 3.3 Dodging
 + Level 1.0 Stealth


You had 7 spell levels left.
You didn't know any spells.
Your spell library contained the following spells:

 Spells                   Type           Power      Damage    Failure   Level
 Magic Dart               Conj           0%         1d3       98%         1
 Searing Ray              Conj           0%         3d3       99%         2
 Dazzling Flash           Conj/Hex       0%         N/A       100%        3
 Fulminant Prism          Conj/Hex       0%         3d6       100%        4
 Iskenderun's Mystic Bla  Conj/Tloc      0%         2d3       100%        4


Dungeon Overview and Level Annotations

Branches:
Dungeon (7/15)             Temple (0/1) D:5           Sewer (visited)

Altars:
Ashenzari
Fedhas
Hepliaklqana
Nemelex Xobeh
Ru
Trog
Uskayaw
Vehumet
Wu Jian
Xom
Zin

Shops:
D:1 (   D:6 =

Annotations:
D:3 1 transporter


Innate Abilities, Weirdness & Mutations

You have a pair of horns on your head.
You reflexively headbutt those who attack you in melee.


Message History

The seven-headed hydra bites you but does no damage. x4
The seven-headed hydra completely misses you.
The seven-headed hydra bites you but does no damage. x2
Unknown command.
You hit the seven-headed hydra.
The seven-headed hydra is heavily wounded.
The seven-headed hydra closely misses you.
You furiously retaliate!
You headbutt the seven-headed hydra. The seven-headed hydra bites you.
The seven-headed hydra barely misses you.
The seven-headed hydra bites you but does no damage. x2
The seven-headed hydra bites you. x2
You hit the seven-headed hydra.
The seven-headed hydra is poisoned.
You headbutt the seven-headed hydra!
The seven-headed hydra is severely wounded.
The seven-headed hydra bites you but does no damage. x2
The seven-headed hydra barely misses you. x2
The seven-headed hydra completely misses you.
The seven-headed hydra bites you!
The seven-headed hydra bites you but does no damage.
You hit the seven-headed hydra.
The seven-headed hydra is severely wounded.
The seven-headed hydra bites you! x2
* * * LOW HITPOINT WARNING * * *
The seven-headed hydra bites you but does no damage.
The seven-headed hydra bites you.
* * * LOW HITPOINT WARNING * * *
The seven-headed hydra bites you.
* * * LOW HITPOINT WARNING * * *
The seven-headed hydra bites you.
* * * LOW HITPOINT WARNING * * *
The seven-headed hydra bites you but does no damage.
Aiming: Mindburst
Press: ? - help, Shift-Dir - straight line, f/p - seven-headed hydra
Aim: a seven-headed hydra (severely wounded, poisoned, chance to affect: 30%)
The seven-headed hydra's mind is blasted!
The seven-headed hydra bites you but does no damage.
The seven-headed hydra bites you!
You die...
Xom roars with laughter!

#.....#
#.#####.#
.>..#...#
........#
#####.#.#
#.#.#
#.#.# #
#D# #@#
##.#.#.###
#....)...#
#..#.#.#.#
# #.#.#.#
# #.#.#
#.#.#
#.#.#
#.#.#


You could see a seven-headed hydra (poisoned).

Vanquished Creatures
  Grinder (D:3)
  Eustachio (D:4)
  Menkaure (D:5)
  A hornet zombie (D:7)
  2 ogres (D:6)
  2 phantoms (D:6)
  A kobold brigand (Sewer)
  A bullfrog (D:6)
  A gnoll sergeant (D:6)
  A wyvern skeleton (D:5)
  A centaur zombie (D:5)
  3 orc priests
  4 hounds (D:5)
  Terence (D:2)
  2 iguanas (D:5)
  Natasha (twice) (D:2)
  2 orc wizards
  2 hound skeletons (D:4)
  A howler monkey zombie (D:5)
  6 gnolls
  7 adders
  A river rat (D:6)
  An adder skeleton (D:4)
  A worm (D:4)
  3 dart slugs
  15 orcs
  4 ball pythons
  6 endoplasms
  3 giant cockroaches
  3 goblins
  5 hobgoblins
  9 jackals
  3 quokkas
  A frilled lizard (D:1)
  11 kobolds
  15 rats
124 creatures vanquished.

Vanquished Creatures (collateral kills)
  A bullfrog zombie (D:5)
  A jelly (D:5)
2 creatures vanquished.

Vanquished Creatures (others)
  A white imp (D:6)
1 creature vanquished.

Grand Total: 127 creatures vanquished

Notes
Turn   | Place    | Note
-------+----------+-------------------------------------------
     0 | D:1      | robertstho the Minotaur Chaos Knight began the quest for
                  | the Orb.
     0 | D:1      | Reached XP level 1. HP: 19/19 MP: 0/0
    85 | D:1      | XOM: silly message
   106 | D:1      | Found Elit Alily's Weapon Emporium.
   290 | D:1      | Reached XP level 2. HP: 22/27 MP: 1/1
   878 | D:2      | Reached XP level 3. HP: 30/34 MP: 2/2
   973 | D:2      | Noticed Natasha
   977 | D:2      | Killed Natasha
  1044 | D:2      | Noticed Terence
  1049 | D:2      | Killed Terence
  1050 | D:2      | Reached XP level 4. HP: 22/41 MP: 3/3
  1191 | D:2      | XOM: noise
  1235 | D:2      | Noticed Natasha
  1237 | D:2      | Noticed Natasha
  1237 | D:2      | Natasha changed into Natasha the gnoll
  1245 | D:2      | Killed Natasha the gnoll
  1246 | D:2      | Reached skill level 5 in Long Blades
  1256 | D:2      | Noticed Natasha
  1263 | D:2      | Killed Natasha
  1264 | D:2      | Reached skill level 5 in Fighting
  1608 | D:3      | Reached XP level 5. HP: 48/48 MP: 4/4
  1616 | D:3      | Noticed Grinder
  1621 | D:3      | XOM: divination: detect items
  1621 | D:3      | Paralysed by Grinder for 3 turns
  1627 | D:3      | XOM: summons friendly quasit
  1650 | D:3      | XOM: divination: detect items
  1667 | D:3      | Killed Grinder
  1668 | D:3      | Reached XP level 6. HP: 15/57 MP: 5/5
  1803 | D:3      | XOM: silly message
  2006 | D:3      | Found a bloodstained altar of Trog.
  2007 | D:3      | Found a hide-covered altar of Uskayaw.
  2025 | D:3      | Found a sparkling altar of Nemelex Xobeh.
  2025 | D:3      | Found a transporter.
  2025 | D:3      | Noticed a two-headed ogre
  2154 | D:3      | XOM: silly message
  2695 | D:4      | Noticed Eustachio
  2705 | D:4      | XOM: potion effect (brilliance)
  2707 | D:4      | Killed Eustachio
  2708 | D:4      | Reached XP level 7. HP: 34/63 MP: 6/6
  3057 | D:4      | Found a glowing silver altar of Zin.
  3180 | D:5      | Entered Level 5 of the Dungeon
  3266 | D:5      | XOM: cast spell 'Summon Ice Beast'
  3271 | D:5      | XOM: enchant monster (good)
  3274 | D:5      | XOM: god gift: +2 pair of boots of flying
  3285 | D:5      | Reached skill level 1 in Short Blades
  3424 | D:5      | Found a staircase to the Ecumenical Temple.
  3460 | D:5      | Noticed Menkaure
  3468 | D:5      | XOM: scenery: summon butterflies
  3472 | D:5      | Killed Menkaure
  3473 | D:5      | Reached skill level 5 in Armour
  3707 | D:5      | Reached skill level 1 in Stealth
  3708 | D:5      | Found a broken altar of Ashenzari.
  3721 | D:5      | Found an ornate altar of the Wu Jian Council.
  3721 | D:5      | Found a sacrificial altar of Ru.
  3722 | D:5      | Found a shimmering altar of Xom.
  3722 | D:5      | Found a hazy altar of Hepliaklqana.
  3722 | D:5      | Found a radiant altar of Vehumet.
  3961 | D:5      | XOM: silly message
  4070 | D:5      | Reached XP level 8. HP: 68/71 MP: 7/7
  4215 | D:5      | XOM: scenery: 1 doors close
  4536 | D:5      | XOM: divination: detect creatures
  4627 | D:6      | Found a blossoming altar of Fedhas.
  4668 | D:6      | XOM: cloud trail
  4733 | D:6      | Found Ahypiwes's Jewellery Shop.
  4806 | D:6      | Found a glowing drain.
  4837 | D:6      | XOM: summons 5 hostile demons
  4877 | Sewer    | Entered a sewer
  5070 | Sewer    | XOM: cleaving
  5119 | Sewer    | Found a white marble altar of Elyvilon.
  5221 | D:6      | XOM: 1-stop teleportation journey
  5238 | D:6      | XOM: divination: detect items
  5289 | D:6      | XOM: destruction
  5534 | D:6      | XOM: chaos upgrade
  5536 | D:6      | XOM: divination: magic mapping
  5553 | D:6      | HP: 2/73 [poisoned by a gnoll sergeant]
  6084 | D:7      | Noticed a seven-headed hydra
  6086 | D:7      | XOM: confusion (+ monsters)
  6088 | D:7      | XOM: blink monster(s)
  6111 | D:7      | Slain by a seven-headed hydra

Illustrated notes

Levels and vault maps discovered:
D:1:      tarquinn_simple_flora_water_d, layout_basic, serial_shops, shop
D:2:      layout_rooms, uniq_natasha, uniq_terence
D:3:      layout_loops_ring, grunt_nemelex_the_gamble,
          gammafunk_temple_overflow_wave, uniq_grinder
D:4:      layout_cave_pools, kennysheep_little_box, uniq_eustachio
D:5:      layout_basic, grunt_temple_overflow_open, minmay_temple_entry_hall,
          kennysheep_small_square, uniq_menkaure
D:6:      layout_loops_cross, lemuel_round_altar, serial_shops, kennysheep_mini,
          portal_sewer_entry_c
D:7:      layout_basic, led_sif_pool, uniq_joseph

Skill      XL: |  1  2  3  4  5  6  7  8 |
---------------+-------------------------+-----
Fighting       | 4 5 6 7 |  7.5
Long Blades    | 4 5 6 7 |  7.3
Armour         | 3 4 5 7 |  7.7
Dodging        | 2 3 |  3.3
Short Blades   | 2 4 |  4.8
Stealth        | 1 |  1.0

Action                   |  1- 3 |  4- 6 |  7- 9 || total
-------------------------+-------+-------+-------++-------
Melee: Falchion          |    61 |    96 |       ||   157
       Headbutt          |    11 |    15 |    31 ||    57
       Rapier            |       |       |   200 ||   200
Evoke: Wand              |       |       |     2 ||     2
  Use: Potion            |       |     3 |     2 ||     5
       Scroll            |       |     2 |       ||     2
 Stab: Paralysed         |       |     1 |       ||     1
Armor: Leather armour    |    20 |    21 |       ||    41
       Chain mail        |       |    17 |   145 ||   162
Dodge: Dodged            |    42 |    32 |    89 ||   163
       Rpst.: Falchion   |     8 |    11 |       ||    19

Table legend: (Time is in decaauts)
 A = Elapsed time spent in this place.
 B = Non-inter-level travel time spent in this place.
 C = Inter-level travel time spent in this place.
 D = Time resting spent in this place.
 E = Time spent auto-exploring this place.
 F = Levels seen in this place.
 G = Mean time per level.
                   A        B        C        D        E       F      G
               +--------+--------+--------+--------+--------+-----+--------+
         Total |   6110 |   5909 |    201 |      0 |   5108 |   8 |  763.8 |
       Dungeon |   5834 |   5633 |    201 |      0 |   4891 |   7 |  833.4 |
         Sewer |    275 |    275 |      0 |      0 |    217 |   1 |  275.0 |
               +--------+--------+--------+--------+--------+-----+--------+

Top non-repeatable levels by time:
     D:5: 1406 daAuts
     D:6: 1065 daAuts
     D:3: 1037 daAuts
     D:4: 768 daAuts
     D:1: 739 daAuts
     D:2: 641 daAuts
   Sewer: 275 daAuts
     D:7: 176 daAuts
